AoeStats
← skuo0747

Arena

509579458Analyzed
3v3 RM · 6d ago on Sep 27, 2026· 51m 52s· 6 players
Game mode
Random Map
Map size
Normal (6 player)
Population
200
Speed
Normal
Resources
Standard
Victory
Conquest
Starting age
Dark Age
Ending age
Imperial Age
RankedLock teamsTeams togetherTeam positionsShared explorationLock speedFull tech treeHidden civsTurbo modeCheats
Victory
Defeat
🇧🇷 Malay · Brazil
859
+13
🇨🇳 Goths · China
778
+17
🇦🇷 Mongols · Argentina
703
+19
🇪🇸 Britons · Spain
803
-17
🇪🇸 Cumans · Spain
787
-16
🇪🇸 Slavs · Spain
782
-16
tmqylxbz19
2:00 Loom
11:31 Feudal Age
12:10 Double-Bit Axe
12:10 Horse Collar
19:21 Castle Age
18:09 Stone Mining
18:12 Gold Mining
18:48 Fletching
22:13 Bow Saw
23:30 Stone Shaft Mining
23:56 Heavy Plow
31:09 Imperial Age
29:52 Scale Barding Armor
29:57 Forging
31:35 Husbandry
33:45 Iron Casting
33:12 Scale Mail Armor
34:38 Wheelbarrow
34:50 Anarchy
34:59 Anarchy
36:32 Two-Man Saw
36:04 Crop Rotation
37:12 Blast Furnace
36:27 Chain Mail Armor
35:51 Pikeman
36:31 Squires
39:48 Perfusion
39:23 Elite Huskarl
41:19 Chain Barding Armor
40:55 Bodkin Arrow
42:04 Fervor
41:51 Herbal Medicine
42:04 Light Cavalry
42:55 Bloodlines
44:10 Hussar
46:13 Bracer
46:13 Padded Archer Armor
49:47 Halberdier
skuo0747
25:48 Feudal Age
25:45 Loom
27:14 Wheelbarrow
29:21 Town Watch
33:58 Horse Collar
35:40 Stone Mining
35:42 Gold Mining
38:43 Man-at-Arms
44:10 Bloodlines
46:04 Castle Age
44:51 Arson
46:07 Crossbowman
46:08 Elite Skirmisher
46:55 Thumb Ring
46:14 Light Cavalry
46:55 Husbandry
47:17 Hand Cart
47:03 Town Patrol
46:26 Pikeman
46:27 Long Swordsman
47:08 Squires
47:48 Stone Shaft Mining
47:49 Gold Shaft Mining
47:20 Heavy Plow
rivamestre
5:41 Loom
10:49 Feudal Age
16:46 Castle Age
16:01 Horse Collar
17:05 Double-Bit Axe
21:40 Heavy Plow
21:59 Stone Mining
22:05 Gold Mining
22:30 Bow Saw
24:52 Wheelbarrow
26:02 Gold Shaft Mining
26:06 Stone Shaft Mining
25:46 Forging
26:55 Hand Cart
26:26 Town Watch
30:45 Imperial Age
30:48 Town Patrol
32:05 Conscription
32:29 Iron Casting
31:45 Fletching
34:24 Ballistics
36:29 Crop Rotation
35:34 Elite Karambit Warrior
36:17 Bodkin Arrow
37:23 Blast Furnace
36:59 Squires
36:45 Arson
39:09 Blast Furnace
38:10 Bracer
38:26 Elite Skirmisher
41:12 Padded Archer Armor
49:08 Leather Archer Armor
48:41 Treadmill Crane
48:57 Murder Holes
.::[S.E.I.S]::.325
13:10 Feudal Age
12:36 Loom
18:21 Castle Age
18:00 Fletching
18:13 Padded Archer Armor
20:26 Crossbowman
21:29 Horse Collar
21:42 Gold Mining
22:01 Double-Bit Axe
22:50 Stone Mining
23:56 Heavy Plow
24:46 Bodkin Arrow
29:41 Imperial Age
28:31 Ballistics
29:27 Leather Archer Armor
30:48 Conscription
31:35 Wheelbarrow
30:57 Arbalester
32:15 Bow Saw
35:31 Chemistry
37:23 Hand Cart
40:25 Ring Archer Armor
39:55 Bracer
40:59 Yeomen
41:56 Elite Longbowman
stteban1755
10:51 Feudal Age
15:30 Double-Bit Axe
15:34 Horse Collar
18:09 Wheelbarrow
23:10 Castle Age
21:36 Fletching
21:47 Padded Archer Armor
22:00 Scale Barding Armor
23:55 Gold Mining
23:56 Stone Mining
24:29 Hand Cart
24:39 Heavy Plow
25:42 Chain Barding Armor
25:53 Bow Saw
29:53 Imperial Age
28:34 Ballistics
28:15 Bodkin Arrow
28:35 Leather Archer Armor
29:01 Gold Shaft Mining
31:35 Conscription
31:20 Cuman Mercenaries
33:27 Chemistry
31:55 Elite Kipchak
32:52 Cavalier
35:45 Plate Barding Armor
37:44 Paladin
39:27 Ring Archer Armor
44:44 Steppe Husbandry
MiRage
12:39 Feudal Age
15:08 Horse Collar
15:14 Double-Bit Axe
15:22 Gold Mining
19:19 Castle Age
23:59 Heavy Plow
24:41 Bow Saw
24:41 Husbandry
25:26 Wheelbarrow
27:19 Bloodlines
27:48 Forging
31:07 Scale Barding Armor
31:39 Iron Casting
40:37 Imperial Age
39:47 Pikeman
42:52 Cavalier
Connection lost

Rejoining the realm…

Still unreachable

The connection could not be restored.

Session expired

The server has moved on; the page needs a fresh start.